 BcadrenCrawl: Boulder Brew version 0.05.4-26-g64af7a5273 (webtiles) character file.

Game seed: 12813835269975742036, levelgen mode: deterministic

72575 emperorscorpion the Severer (level 15, -2/131 HPs) Minotaur Berserker. Began on Dec 21, 2021. Was the Champion of Trog. Slain by a two-headed ogre ... wielding a cursed +3 giant spiked club {(Curse: Fragile)} (16 damage) ... on level 2 of the Orcish Mines. The game lasted 01:32:01 (17590 turns).

emperorscorpion the Severer (Minotaur Berserker)   Turns: 17590, Time: 01:32:01

Health: -2/131     AC: 20    Str: 28    XL:     15 ^: 49584
Magic:  14/14      EV: 13    Int: 10    God:    Trog [6* [195]]
Gold:   1938       SH:  0    Dex: 13    Spells: 14/14 levels left

rFire    . . .     Vision   +   a - +4 war axe (molten)
rCold    + + +     Gourm    .   W - +3 broad axe (freeze)
rNeg     . . .     Faith    +   w - +2 ice dragon scales
rCorr    . . .     Spirit   .   (helmet restricted)
rPois    +         Reflect  .   C - scarf {rC+ rF+}
rElec    .         Harm     .   M - +1 pair of gloves of Parlour Games {+Vis}
MR       ++...     Rnd*Rage +   L - +0 pair of boots {Str+3}
Stlth    ..........             n - amulet of faith
HPRegen  0.53/turn              k - ring of protection from magic
MPRegen  0.24/turn              I - ring of poison resistance

@: very slightly contaminated, studying Maces & Staves, lightly drained,
invisible (expiring), quick
A: horns, retaliatory headbutt 2, clarity, speed 1, frail 1, INT +6
a: Berserk, Trog's Hand, Brothers in Arms, Renounce Religion


You were on level 2 of the Orcish Mines.
You worshipped Trog.
Trog was exalted by your worship.
You were not hungry.

You visited 3 branches of the dungeon, and saw 15 of its levels.
You also visited: Gauntlet.

You collected 2762 gold pieces.
You spent 824 gold pieces at shops.

Inventory:

Weapons
 a - a +4 war axe of molten steel (weapon)
 W - a +3 broad axe of freezing (weapon)
 Z - a +2 battleaxe of freezing Shields
 x - the +2 heater shield "Ruumm" {rF+ Str-2 Slay+4}
   (You found it in a Gauntlet)

   Base shield rating: 8 Skill to remove penalty: 15.0 It affects your strength
   (-2).
   It affects your accuracy and damage with ranged weapons and melee attacks
   (+4).
   It protects you from fire.
Armour
 h - +0 acid dragon scales
 j - a +3 plate armour of poison resistance
 w - +2 ice dragon scales (worn)
 C - a scarf of resistance (worn)
 L - a +0 pair of boots of strength (worn)
 M - the +1 pair of gloves of Parlour Games (worn) {+Vis}
   (You found it in a Gauntlet)

   It improves your vision.
 Q - a +0 chain mail of magic resistance
 T - a +3 scale mail of cold resistance
Jewellery
 d - the ring of the Little Devil {+Blink rF++ rC- Dex+4 Stlth+}
   (You found it in a Gauntlet)

   [ring of stealth]

   It affects your dexterity (+4).
   It greatly protects you from fire.
   It makes you vulnerable to cold.
   It lets you blink.
   It makes you more stealthy.
 k - a ring of protection from magic (left hand)
 n - an amulet of faith (around neck)
 D - the ring "Qorue" {rF+ Stlth-}
   (You found it on level 6 of the Lair of Beasts)

   [ring of attention]

   It protects you from fire.
   It makes you less stealthy.
 F - an uncursed amulet of regeneration
 H - an uncursed ring of dexterity
 I - a ring of poison resistance (right hand)
 K - an uncursed ring of positive energy
 P - the cursed ring of Shadows {Umbra +Inv Stlth+, (Curse: MP-9)}
   (You took it off an orc warrior on level 6 of the Dungeon)

   [ring of stealth]

   It lets you turn invisible.
   It makes you more stealthy.
   It has a curse placed upon it.
   { (Curse: MP-9)}
Wands
 b - a wand of polymorph (16)
 g - a wand of flame
 i - a wand of clouds (6)
 B - a wand of scattershot (7)
 E - a wand of hasting (11)
 O - a wand of iceblast (10)
 U - a wand of enslavement (1)
Scrolls
 l - 7 scrolls of teleportation
 r - 3 scrolls of fear
 s - 2 scrolls of magic mapping
 y - 7 scrolls of enchantment
 A - 6 scrolls of fog
 N - 2 scrolls of immolation
 V - 2 scrolls of silence
Potions
 e - 2 potions of mutation
 f - 4 potions of heal wounds
 m - a potion of invisibility
 o - a potion of cancellation
 p - 5 potions of might
 q - 3 potions of agility
 t - 4 potions of brilliance
 u - 3 potions of lignification
 v - 2 potions of ambrosia
 z - 6 potions of curing
 G - 4 potions of haste
 X - a potion of resistance
Miscellaneous
 J - a fan of gales
Comestibles
 c - 19 rations
 R - 7 chunks of flesh


   Skills:
 + Level 16.8(16.1) Fighting
 + Level 20.4(19.7) Axes & Hammers
   Level 2.4(2.0) Slings
 + Level 13.8(13.2) Armour
 + Level 5.4(4.9) Dodging
 + Level 2.1(1.6) Stealth
 + Level 0.9(0.4) Unarmed Combat
 + Level 0.2(0.0) Evocations


You had 14 spell levels left.
You didn't know any spells.
Your spell library contained the following spells:

 Spells                   Type           Power        Failure   Level  Hunger
 Beastly Appendage Tmut 0 (50) 47% 1 40-60 Confusing Touch Hex 0 (50) 47% 1 40-60 Flame Tongue Fire 0 (30) 47% 1 40-60 Magic Candle Hex/Fire 0 (90) 47% 1 40-60 Pain Hex/Necr 0 (25) 47% 1 40-60 Poisonous Vapours Pois/Air 0 (50) 47% 1 40-60 Slow Hex 0 (100) 47% 1 40-60 Summon Small Mammal Summ 0 (25) 47% 1 40-60 Blink Tloc N/A 63% 2 80-120 Call Imp Summ 0 (100) 63% 2 80-120 Sticks to Snakes Tmut 0 (100) 63% 2 80-120 Sting Pois 0 (25) 63% 2 80-120 Conjure Flame Fire 0 (100) 85% 3 120-180 Ignite Poison Fire/Tmut 0 (100) 85% 3 120-180 Mephitic Cloud Pois/Air 0 (100) 85% 3 120-180 Pryten's Skeletal Upris Chrm/Necr 0 (200) 85% 3 120-180 Regeneration Chrm/Necr 0 (200) 85% 3 120-180 Scorpion Form Tmut/Pois 0 (200) 85% 3 120-180 Snakes to Sticks Hex/Tmut 0 (100) 85% 3 120-180 Vampiric Draining Necr 0 (200) 85% 3 120-180 Animate Dead Necr N/A 99% 4 200-300 Ice Form Ice/Tmut 0 (100) 99% 4 200-300 Olgreb's Toxic Radiance Pois 0 (100) 99% 4 200-300 Blade Hands Tmut 0 (200) 100% 5 320-480 Irradiate Tmut/Pois 0 (200) 100% 5 320-480 Cigotuvi's Degeneration Tmut/Necr 0 (200) 100% 6 440-660 Statue Form Tmut/Erth 0 (150) 100% 6 440-660 Dragon Form Tmut 0 (200) 100% 7 560-840 Infestation Tmut/Pois      0 (200)      100%        7    560-840


Dungeon Overview and Level Annotations

Branches:
Dungeon (7/8)              Temple (0/1) D:4            Lair (6/6) D:5
  Swamp (0/4) Lair:3        Snake (0/4) Lair:4        Slime (0/5) Lair:6
    Orc (2/2) D:6             Elf (0/3) Orc:2       Gauntlet (visited)
 Vaults: D:7

Altars:
Yredelemnul
Beogh
Jiyva

Shops:
D:4 *   D:6 [   Orc:2 *


Innate Abilities, Weirdness & Mutations

You reflexively attack those that strike you in melee with your horns.
You frequently lose your temper in combat.
This godly rage surpasses even clarity. (*Rage)
You possess an exceptional clarity of mind.
You cover ground quickly.
You are frail. (-10% HP)
You are extremely clever. (INT +6)


Message History

You create a blast of rain!
You hear a shout!
The two-headed ogre hits you with a cursed +3 giant spiked club {(Curse: Fragile)} (4).
The two-headed ogre hits you with a +0 giant club (21)!!
* * * LOW HITPOINT WARNING * * *
The orc warrior hits you with a +0 war axe (1).
* * * LOW HITPOINT WARNING * * *
Unknown command.
Unknown command.
Press: ? - help, v - describe, . - travel
There is a cloud of rain here.
Unknown command.
The two-headed ogre closely misses you (0).
The two-headed ogre hits you with a +0 giant club (6).
* * * LOW HITPOINT WARNING * * *
The orc knight barely misses you (0).
The two-headed ogre hits you with a cursed +3 giant spiked club {(Curse: Fragile)} (14)!
* * * LOW HITPOINT WARNING * * *
The two-headed ogre hits you with a +0 giant club (16)!
You die...

,,,,,,,,,*,,,O,,,,,,,,,,,,,,,,,,,
*,,,,,,..#*....,......,,,,,,,,,,,
,,,,,,,...##...,......,,,,,,,,*,,
**,,,,,.....#..,......,,,,,,,,,,,
***,,,,,,......,.O...#,,,,**,,,,,
* ***,,,,,....O,....,,,,,,,**,,,,
* **,,,,,**#.oO#..,,,,,,,,,,,,,,,
* *,,,**,*##§o#o##,,,,,,,,,,,,,,,
* **,**,,,#§§ooO@#*,,,,,,,*,,,,,,
****...§§§o#O##*,,,,*,,,**,,,,
*#.##§.####***,,,,*,****,,,
***#..,* **,*,,,,**,**,,,, *#.,**
*,,,,,,,*,,,,,,,, *..,*
**,*,*,,**,**,,,* ##,**
**,,,,,,***,,,,* ***
**,**,,,***,,** *****,** ****


You could see an orc knight, 2 two-headed ogres, 3 orc warriors, 2 ogres, an orc
priest and an orc.

Vanquished Creatures
  Circe (D:6)
  An entropy weaver (Gauntlet)
  A chaos butterfly (Lair:5)
  A death knight (D:6)
  2 boulder beetles
  A minotaur (Gauntlet)
  A catoblepas (Lair:6)
  2 swooping magpies
  A dire elephant (Lair:5)
  2 unseen horrors
  A shock serpent (Lair:4)
  5 two-headed ogres
  A tengu warrior (D:7)
  2 hydras
  A sixfirhy (Gauntlet)
  10 death yaks
  2 deep elf magi (D:6)
  4 orc sorcerers
  A manticore (D:6)
  A black mamba (Lair:6)
  6 giraffes
  3 ugly things (D:6)
  28 spiny frogs
  A wolf spider (Gauntlet)
  11 elephants
  A rime drake (Lair:4)
  An ice devil (Gauntlet)
  5 trolls
  A meliai (D:6)
  A yaktaur (D:6)
  2 tyrant leeches (Lair:6)
  10 komodo dragons
  A jumping spider (Gauntlet)
  7 polar bears
  A tengu conjurer (D:6)
  34 blink frogs
  A ynoxinul (Orc:2)
  Prince Ribbit (D:2)
  A shadow (D:6)
  4 cyclopes
  A hippogriff (D:5)
  A wyvern (Lair:4)
  5 hogs (D:6)
  4 basilisks
  21 yaks
  4 hydra skeletons
  3 slime creatures
  10 vampire mosquitoes
  2 guardian mummies (Lair:4)
  3 wargs (D:5)
  2 phantoms
  A wolf spider zombie (D:7)
  A bone scorpion (D:4)
  10 orc warriors
  Purgy (D:2)
  2 necrophages
  23 water moccasins
  A scorpion (D:4)
  10 porcupines
  2 black bears
  A sky beast (Lair:5)
  Ijyb (D:3)
  14 ogres
  10 wolves
  An elephant skeleton (Lair:4)
  17 crocodiles
  A big kobold (D:2)
  A swooping magpie skeleton (Lair:4)
  3 komodo dragon skeletons (Lair:4)
  39 bullfrogs
  A centaur (D:5)
  2 black mamba skeletons (Lair:4)
  3 howler monkeys
  A killer bee (D:6)
  A quasit (D:4)
  5 electric eels
  A hornet zombie (D:4)
  A crimson imp (D:3)
  3 vampire bats (Lair:5)
  2 blink frog skeletons (Lair:4)
  9 orc priests
  A rime drake skeleton (Lair:4)
  5 hounds
  9 jellies (D:2)
  16 orc wizards
  2 gnoll shamans (D:2)
  6 iguanas
  8 worker ants
  A wyvern zombie (D:4)
  A wyvern skeleton (D:6)
  5 giant cockroaches
  7 bullfrog zombies
  3 bullfrog skeletons (D:4)
  A shadow imp (D:4)
  13 adders
  7 gnolls
  24 sewer rats (D:2)
  2 white imps (Gauntlet)
  7 cinder newts
  4 worms
  4 ufetubi (Gauntlet)
  A worker ant zombie (D:5)
  A hound skeleton (D:3)
  9 oozes
  A dart slug (D:3)
  5 leopard geckos
  54 orcs
  An adder zombie (D:5)
  14 bats
  6 goblins (D:1)
  2 hobgoblins (D:1)
  A quokka (D:5)
  3 ball pythons (D:2)
  A ball python skeleton (D:2)
  A bat skeleton (D:2)
  8 kobolds
  A quokka skeleton (D:5)
  6 rats (D:1)
  A demonic plant (Gauntlet)
  4 fungi
  29 plants
660 creatures vanquished.

Vanquished Creatures (collateral kills)
  An orc high priest (Orc:2)
  A spiny frog (Lair:6)
  A vampire mosquito (Lair:6)
  An orc warrior (Orc:2)
  A water moccasin (Lair:6)
  A crocodile (D:2)
  A bullfrog (Lair:6)
  A worm (D:2)
  A plant (Lair:6)
9 creatures vanquished.

Vanquished Creatures (others)
  A bush (Lair:1)
  A demonic plant (Gauntlet)
  7 fungi
  A giant blowfly (Lair:4)
  46 plants
  A slimehead (D:2)
  66 withered plants (D:2)
123 creatures vanquished.

Grand Total: 792 creatures vanquished

Notes
Turn   | Place    | Note
-------+----------+-------------------------------------------
     0 | D:1      | emperorscorpion the Minotaur Berserker began the quest for
                  | the Orb.
     0 | D:1      | Reached XP level 1. HP: 19/19 MP: 0/0
    10 | D:1      | Reached skill level 4 in Axes & Hammers
    10 | D:1      | Reached XP level 2. HP: 19/27 MP: 1/1
    87 | D:1      | Reached XP level 3. HP: 34/34 MP: 2/2
   164 | D:1      | Received a gift from Trog
   184 | D:1      | Reached XP level 4. HP: 41/41 MP: 1/3
   187 | D:1      | Reached ** piety under Trog
   569 | D:2      | Reached skill level 5 in Axes & Hammers
   602 | D:2      | Reached skill level 5 in Fighting
   602 | D:2      | Reached XP level 5. HP: 47/48 MP: 1/4
   629 | D:2      | Reached skill level 6 in Axes & Hammers
   767 | D:2      | Reached XP level 6. HP: 52/56 MP: 1/5
  1000 | D:2      | Reached *** piety under Trog
  1001 | D:2      | Reached skill level 7 in Axes & Hammers
  1075 | D:2      | Reached XP level 7. HP: 58/61 MP: 2/6
  1494 | D:2      | Received a gift from Trog
  1495 | D:2      | Reached skill level 8 in Axes & Hammers
  1503 | D:2      | Noticed Purgy
  1513 | D:2      | Killed Purgy
  1518 | D:2      | Reached skill level 9 in Axes & Hammers
  1670 | D:2      | Reached XP level 8. HP: 71/71 MP: 2/7
  1670 | D:2      | Reached **** piety under Trog
  1673 | D:2      | Reached skill level 5 in Armour
  1745 | D:2      | Reached skill level 10 in Axes & Hammers
  1865 | D:2      | Noticed Prince Ribbit
  2184 | D:2      | Killed Prince Ribbit
  2184 | D:2      | Received a gift from Trog
  2184 | D:2      | Reached skill level 11 in Axes & Hammers
  2444 | D:3      | Reached XP level 9. HP: 79/79 MP: 2/8
  2767 | D:3      | Noticed Ijyb
  2771 | D:3      | Killed Ijyb
  3225 | D:3      | Reached skill level 12 in Axes & Hammers
  3331 | D:4      | Reached ***** piety under Trog
  3361 | D:4      | Received a gift from Trog
  3469 | D:4      | Identified the +6 quarterstaff of the Three Ghosts {venom,
                  | rF+ rC+ rN+ Str+4 Dex-3 Stlth+}
  3562 | D:4      | Reached skill level 13 in Axes & Hammers
  3787 | D:4      | Reached XP level 10. HP: 81/90 MP: 3/9
  3959 | D:4      | Found a staircase to the Ecumenical Temple.
  3991 | D:4      | Received a gift from Trog
  4011 | D:4      | Found Qod Esum's Assorted Antiques.
  4019 | D:4      | Bought a scroll of teleportation for 75 gold pieces
  4019 | D:4      | Bought a potion of heal wounds for 125 gold pieces
  4141 | D:5      | Entered Level 5 of the Dungeon
  4165 | D:5      | Found a staircase to the Lair.
  4512 | D:5      | Gained mutation: Your body often falls apart upon taking
                  | damage. [potion of mutation]
  4512 | D:5      | Gained mutation: You are frail. (-10% HP) [potion of
                  | mutation]
  4512 | D:5      | Gained mutation: You cover ground quickly. [potion of
                  | mutation]
  4675 | D:5      | Reached ****** piety under Trog
  4675 | D:5      | Reached skill level 14 in Axes & Hammers
  5152 | D:5      | Gained mutation: You possess an exceptional clarity of
                  | mind. [potion of mutation]
  5152 | D:5      | Lost mutation: Your body often falls apart upon taking
                  | damage. [potion of mutation]
  5417 | D:6      | Received a gift from Trog
  5435 | D:6      | Noticed a manticore
  5494 | D:6      | Noticed a two-headed ogre
  5514 | D:6      | Killed a two-headed ogre
  5514 | D:6      | Reached skill level 10 in Fighting
  5563 | D:6      | Noticed a deep elf mage
  5563 | D:6      | Noticed a death knight
  5576 | D:5      | HP: 5/124 [something (5)]
  5577 | D:5      | Killed an unseen horror
  5577 | D:5      | Reached XP level 11. HP: 5/90 MP: 10/10
  5795 | D:5      | Reached skill level 15 in Axes & Hammers
  6496 | D:6      | Noticed Circe
  6511 | D:6      | Killed Circe
  6675 | D:6      | Reached skill level 16 in Axes & Hammers
  6791 | D:6      | Killed a death knight
  6996 | D:6      | Received a gift from Trog
  6996 | D:6      | Reached skill level 10 in Armour
  7007 | D:6      | Found a staircase to the Orcish Mines.
  7018 | D:6      | Found a roughly hewn altar of Beogh.
  7138 | D:6      | Killed an unseen horror
  7212 | D:6      | Noticed a two-headed ogre
  7220 | D:6      | Killed a two-headed ogre
  7275 | D:6      | Noticed a two-headed ogre
  7310 | D:6      | Killed a two-headed ogre
  7310 | D:6      | Reached XP level 12. HP: 99/99 MP: 11/11
  7464 | D:6      | Identified a scroll of acquirement
  7779 | D:6      | Found Jikat's Antique Armour Emporium.
  7886 | D:7      | Noticed a boulder beetle
  7891 | D:7      | Killed a boulder beetle
  7891 | D:7      | Reached skill level 17 in Axes & Hammers
  8285 | Lair:1   | Entered Level 1 of the Lair of Beasts
  8538 | Lair:1   | Received a gift from Trog
  8791 | Lair:1   | Reached skill level 1 in Slings
  8946 | Lair:1   | Found a basalt altar of Yredelemnul.
  9633 | Lair:2   | Reached skill level 18 in Axes & Hammers
  9779 | Lair:2   | Reached XP level 13. HP: 109/109 MP: 12/12
 10414 | Lair:3   | Reached skill level 1 in Stealth
 10469 | Lair:3   | Received a gift from Trog
 10753 | Lair:3   | Found a staircase to the Swamp.
 11867 | Lair:4   | Received a gift from Trog
 11880 | Lair:4   | Reached skill level 19 in Axes & Hammers
 12270 | Lair:4   | Found a staircase to the Snake Pit.
 12750 | Lair:4   | Reached skill level 5 in Dodging
 12754 | Lair:4   | Reached XP level 14. HP: 24/119 MP: 13/13
 12755 | Lair:4   | Received a gift from Trog
 12829 | Lair:4   | Identified the cursed +9 quarterstaff "Gegon" {freeze,
                  | *Rage +Blink rPois rF++ Dex+4, (Curse: *Drain)}
 13391 | Lair:5   | Reached skill level 15 in Fighting
 13637 | Lair:5   | Identified the -5 pair of gloves of Submission {MR+} (You
                  | acquired it on level 5 of the Lair of Beasts)
 14137 | Lair:5   | Received a gift from Trog
 14207 | Lair:6   | Entered Level 6 of the Lair of Beasts
 14269 | Lair:6   | Found a viscous altar of Jiyva.
 14269 | Lair:6   | Found a staircase to the Slime Pits.
 14581 | Lair:6   | Found a gate leading to a gauntlet.
 14594 | Gauntlet | Entered a Gauntlet
 14594 | Gauntlet | Found a transporter.
 14594 | Gauntlet | Found a transporter.
 14610 | Gauntlet | Found a transporter.
 14629 | Gauntlet | Found a transporter.
 14642 | Gauntlet | Found a transporter.
 14645 | Gauntlet | Found a transporter.
 14659 | Gauntlet | Found a transporter.
 14663 | Gauntlet | Identified the ring of the Little Devil {+Blink rF++ rC-
                  | Dex+4 Stlth+}
 14672 | Gauntlet | Found a transporter.
 14689 | Gauntlet | Found a transporter.
 14689 | Gauntlet | Found a transporter.
 14697 | Gauntlet | Found a transporter.
 14724 | Gauntlet | Found a transporter.
 14737 | Gauntlet | Identified the cursed +2 hat of the Inquisitive Nights
                  | {*Slow rC+ Str+3, (Curse: MR-)}
 14853 | Gauntlet | Reached skill level 20 in Axes & Hammers
 14946 | Gauntlet | Identified the ring of Xom's Full Attention {rF+ Str+5
                  | Dex-4 Stlth+}
 14958 | Gauntlet | Identified the +2 heater shield "Ruumm" {rF+ Str-2 Slay+4}
 14958 | Gauntlet | Identified the +1 pair of gloves of Parlour Games {+Vis}
 15244 | Lair:6   | Received a gift from Trog
 15763 | Lair:6   | Identified the cursed +9 rapier "Puokk" {acid, Int+2,
                  | (Curse: MR-)}
 15777 | Lair:6   | Identified the ring "Qorue" {rF+ Stlth-}
 16717 | Orc:1    | Entered Level 1 of the Orcish Mines
 17066 | Orc:1    | Received a gift from Trog
 17414 | Orc:2    | Entered Level 2 of the Orcish Mines
 17423 | Orc:2    | Identified the cursed ring of Secrets {rCorr Dex+7, (Curse:
                  | Fragile rF-)}
 17436 | Orc:2    | Found Peppeycw's General Store.
 17475 | Orc:2    | Bought a scroll of acquirement for 624 gold pieces
 17551 | Orc:1    | Reached XP level 15. HP: 46/131 MP: 14/14
 17590 | Orc:2    | Slain by a two-headed ogre

Levels and vault maps discovered:
D:1:      roderic_crop_circles_arrival_large, layout_rooms, hex_intersection,
          serial_bayou_pond_b
D:2:      layout_sewer, bcadren_sewer_center_circle, serial_column_ruins,
          column_ruins_hut_pillars, column_ruins_square_huge,
          column_ruins_grid_1, column_ruins_corridor_straight,
          column_ruins_columns_straight, column_ruins_open_large
D:3:      layout_basic, first_ration, uniq_ijyb
D:4:      layout_big_octagon, minmay_temple_entry_stoned_glass, serial_shops,
          nicolae_shop_trees, eino_small_chamber_without_monster
D:5:      layout_basic, erik_lair_orcish_takeover
D:6:      layout_basic, minmay_orc_entry_temple_small, serial_shops,
          nicolae_shop_temple_entry_statues_fountains, uniq_circe
D:7:      layout_roguey, skrybe_vaults_entry_preservation, xom_redecorated
Lair:1:   layout_small_grid, basic_altar, grunt_megastairs_2
Lair:2:   layout_loops_ring
Lair:3:   layout_layer_cave, minmay_swamp_entry_swarm
Lair:4:   layout_loops_ring, minmay_snake_entry_six_corridors, enter_ossuary_4,
          cheibrodos_lair_lostbears
Lair:5:   layout_gridlike, roderic_batcave, grunt_megastairs_3
Lair:6:   minmay_lair_end_frog_pond, layout_layer_cave,
          dpeg_slime_entry_enclosed_altar, gauntlet_entry_generic
Orc:1:    layout_caves
Orc:2:    grunt_orc_gardens, layout_caves, grunt_orc_garden, grunt_orc_garden,
          grunt_orc_garden, grunt_orc_garden, portal_ice_cave_entry_pillars_1

Skill      XL: |  1  2  3  4  5  6  7  8  9 10 11 12 13 14 |
---------------+-------------------------------------------+-----
Fighting       | 4 5 6 7 8 10 11 13 14 16 | 16.8
Axes & Hammers | 4 5 6 7 9 11 13 14 16 18 19 20 | 20.4
Armour         | 3 4 6 7 8 10 11 13 | 13.8
Dodging        | 3 4 5 |  5.4
Slings         | 2 |  2.4
Stealth        | 1 2 |  2.1
Unarmed Combat | |  0.9
Evocations     | |  0.2

Action                   |  1- 3 |  4- 6 |  7- 9 | 10-12 | 13-15 || total
-------------------------+-------+-------+-------+-------+-------++-------
Melee: Hatchet           |    32 |    53 |   198 |   106 |       ||   389
       Unarmed           |    16 |       |       |       |       ||    16
       Headbutt          |     5 |     6 |    31 |    63 |    96 ||   201
       Broad axe         |     1 |    39 |   181 |   253 |   363 ||   837
       War axe           |       |       |       |   213 |   461 ||   674
 Fire: Hunting sling     |       |       |       |     5 |       ||     5
Throw: Bone              |       |       |     2 |       |       ||     2
       Stone             |       |       |     1 |       |       ||     1
       Skull             |       |       |     1 |       |       ||     1
Invok: Berserk           |       |       |     6 |    14 |    12 ||    32
       Trog's Hand       |       |       |     1 |     1 |     2 ||     4
       Brothers in Arms  |       |       |     1 |       |     4 ||     5
Evoke: Wand              |       |       |       |       |     5 ||     5
  Use: Scroll            |       |       |     3 |     2 |     5 ||    10
       Potion            |       |       |       |     5 |     3 ||     8
  Eat: Chunk             |       |     1 |    15 |    27 |    29 ||    72
       Ration            |       |       |       |       |     1 ||     1
Armor: Ring mail         |     7 |       |       |       |       ||     7
       Chain mail        |    18 |    35 |   127 |   171 |   259 ||   610
       Ice dragon scales |       |       |       |       |    48 ||    48
Dodge: Dodged            |    12 |     8 |    74 |    70 |   149 ||   313
